 Dungeon Crawl Stone Soup version 0.29-a0-416-g83a48905f1 (webtiles) character file.

Game seed: 4850794208734788098

2953 Bruhh the Fighter (level 10, -5/80 HPs)
             Began as a Djinni Cinder Acolyte on May 15, 2022.
             Was an Elder of Ignis.
             Slain by a yak (7 damage)
             ... on level 7 of the Dungeon.
             The game lasted 00:12:05 (9487 turns).

Bruhh the Fighter (Djinni Cinder Acolyte)           Turns: 9487, Time: 00:12:06

Health: -5/80      AC: 14    Str: 13    XL:     10   Next: 8%
Gold:   448        EV: 11    Int: 20    God:    Ignis [****..] SH:  0 Dex:  9

rFire   + + +      SeeInvis +   w - +4 quarterstaff (chaos)
rCold   x x .      Faith    .   (shield currently unavailable)
rNeg    . . .      Spirit   .   b - +0 robe
rPois   ∞          Reflect  .   B - +2 helmet {SInv}
rElec   .          Harm     .   x - +1 cloak {rPois}
rCorr   .          Rampage  .   (no gloves)
Will    +....                   (boots unavailable)
Stlth   +.........              (no amulet)
HPRegen 0.23/turn               i - ring of wizardry
MPRegen 0.00/turn               e - ring of fire

@: fiery-armoured, flying
A: sickness immunity, fire resistance 2, cold vulnerability 1, float, innate
caster, HP casting, extra vitality 1
a: Renounce Religion, Fiery Armour, Foxfire Swarm, Rising Flame


You were on level 7 of the Dungeon.
You worshipped Ignis.
Ignis was greatly pleased with you.
You visited 1 branch of the dungeon, and saw 8 of its levels.

You collected 448 gold pieces.

Inventory:

Hand Weapons
 a - a -1 falchion of flaming
 f - a +2 dagger of venom
 w - a +4 quarterstaff of chaos (weapon)
 y - a +0 spear of venom
 A - the +6 dagger "Zeinnoesk" {freeze, rElec Stlth+}
   (You took it off an orc on level 4 of the Dungeon)

   It freezes those it strikes, dealing additional cold damage.
   It can also slow down cold-blooded creatures.
   rElec:     It insulates you from electricity.
   Stlth:     It makes you more stealthy.
Missiles
 j - 2 throwing nets
 q - 9 atropa-tipped darts
Armour
 b - a +0 robe (worn)
 x - a +1 cloak of poison resistance (worn)
 z - a +0 helmet
 B - a +2 helmet of see invisible (worn)
Jewellery
 e - a ring of fire (right hand)
 i - a ring of wizardry (left hand)
 t - a ring of positive energy
 K - a ring of protection from cold
Wands
 o - a wand of iceblast (15)
 J - a wand of paralysis (8)
 M - a wand of digging (7)
Scrolls
 c - a scroll of enchant armour {unknown}
 d - a scroll of vulnerability {unknown}
 g - 3 scrolls of teleportation {unknown}
 k - 2 scrolls of immolation {unknown}
 l - 4 scrolls of brand weapon {unknown}
 n - a scroll of torment {unknown}
 u - 2 scrolls of fog {unknown}
 v - 2 scrolls of amnesia {unknown}
 C - a scroll of silence {unknown}
 H - 2 scrolls of enchant weapon {unknown}
 L - a scroll of blinking {unknown}
 O - 2 scrolls of identify {unknown}
Potions
 p - a potion of degeneration {unknown}
 s - a potion of attraction {unknown}
 D - a potion of resistance
 E - a potion of cancellation {unknown}
 G - a potion of lignification {unknown}
 I - a potion of mutation {unknown}
 N - a potion of magic {unknown}


   Skills:
 - Level 10.0 Fighting
 - Level 2.6 Long Blades
 + Level 2.8 Armour
 - Level 7.0 Spellcasting
 + Level 2.0 Evocations


You had 12 spell levels left.
You knew the following spells:

 Your Spells              Type           Power      Damage    Failure   Level
a - Scorch                Fire           100%       2d10      1%          2
b - Beastly Appendage     Tmut           70%        N/A       1%          1
c - Corpse Rot            Necr/Air       70%        N/A       1%          2
d - Poisonous Vapours     Pois/Air       70%        N/A       1%          2
e - Dispel Undead         Necr           35%        3d15      2%          4
Your spell library was empty.

Dungeon Overview and Level Annotations

Branches:
Dungeon (8/15)             Temple (0/1) D:5
   Lair: D:8-11

Altars:
Gozag
Hepliaklqana
Kikubaaqudgha
Ru
Wu Jian

Shops:
D:1 (   D:4 (


Innate Abilities, Weirdness & Mutations

You are immune to sickness and miasma.
You are immune to poison.
Your flesh is very heat resistant. (rF++)
You are vulnerable to cold. (rC-)
You float through the air rather than walking.
You learn spells naturally, not from books.
Your magical power is your life essence.
You have superior vitality. (+4 MHP)


Message History

The yak gores you but does no damage.
The yak is burned by your cloak of flames.
The yak is heavily wounded.
You feel better. The yak closely misses you. The yak gores you.
* * * LOW HITPOINT WARNING * * *
The yak is burned by your cloak of flames.
The yak is heavily wounded.
The yak attacks as you move away! The yak closely misses you.
The yak gores you but does no damage.
The yak is burned by your cloak of flames.
The yak is severely wounded.
Casting: Scorch (safe; 1% risk of failure)
Confirm with . or Enter, or press ? or * to list all spells.
Okay, then.
The yak attacks as you move away! The yak gores you but does no damage.
The yak is burned by your cloak of flames.
The yak is severely wounded.
The yak attacks as you move away! The yak completely misses you.
The yak attacks as you move away! The yak gores you but does no damage.
The yak is burned by your cloak of flames.
The yak is almost dead.
You sock the yak! You freeze the yak.
You kill the yak!
The yak gores you!
* * * LOW HITPOINT WARNING * * *
The yak is burned by your cloak of flames.
The yak is severely wounded.
Your Evocations skill increases to level 2!
Unknown command.
It was a potion of flight.
You feel more buoyant. The yak closely misses you.
Unknown command.
You hit the yak. You freeze the yak.
The yak is almost dead.
The yak barely misses you.
You barely miss the yak.
The yak is almost dead.
The yak gores you!
You die...

#......#.#.....#.#.#
########..#...#..#.#
#...#.#...#.#
#####.....#.#
#...#.#...#.#
#..#...#..#.#
#.#.....#.#.#
##.......##.#
#@Y...#####.#
##.......##.#
#.#.....#.#.#
#..#...#..#.#
#...#.#...#.#
#####.....#.#
#...#.......#
#..#..#######
#.#...#


You could see a yak.

Vanquished Creatures
  A hornet (D:7)
  Sigmund (D:2)
  2 yaks
  2 orc warriors (D:7)
  A sky beast (D:3)
  An ogre (D:7)
  2 phantoms
  2 centaurs (D:5)
  A kobold brigand (D:6)
  2 necrophages
  2 bullfrogs (D:7)
  4 scorpions
  A wight (D:7)
  A vampire bat (D:4)
  A howler monkey (D:6)
  3 hounds
  3 jellies
  4 orc priests
  2 gnoll shamans
  Ijyb (D:5)
  Crazy Yiuf (D:3)
  3 iguanas
  7 orc wizards
  4 adders
  14 gnolls
  2 ufetubi
  A worm (D:3)
  5 dart slugs
  15 orcs
  4 endoplasms
  A giant cockroach (D:1)
  5 goblins
  4 hobgoblins
  5 jackals
  12 kobolds
  6 quokkas
  5 ball pythons
  15 bats
  2 frilled lizards
  2 rats
150 creatures vanquished.

Vanquished Creatures (others)
  23 foxfires (D:7)
  2 plants (D:4)
25 creatures vanquished.

Grand Total: 175 creatures vanquished

Notes
Turn   | Place    | Note
-------+----------+-------------------------------------------
     0 | D:1      | Bruhh the Djinni Cinder Acolyte began the quest for the
                  | Orb.
     0 | D:1      | Reached XP level 1. HP: 20/20 MP: 0/0
   404 | D:1      | Reached XP level 2. HP: 25/25 MP: 0/0
   409 | D:1      | Found Yrhynock's Weapon Boutique.
  1196 | D:2      | Reached XP level 3. HP: 4/30 MP: 0/0
  1196 | D:2      | Learned a level 1 spell: Beastly Appendage
  1196 | D:2      | Reached XP level 4. HP: 5/35 MP: 0/0
  1764 | D:2      | Found a faded altar of an unknown god.
  1777 | D:2      | Noticed Sigmund
  1782 | D:2      | Killed Sigmund
  1783 | D:2      | Reached skill level 5 in Spellcasting
  1783 | D:2      | Reached XP level 5. HP: 25/40 MP: 0/0
  1783 | D:2      | Learned a level 2 spell: Corpse Rot
  1783 | D:2      | Reached XP level 6. HP: 29/46 MP: 0/0
  3280 | D:3      | Found a runed translucent door.
  3281 | D:3      | Noticed Crazy Yiuf
  3320 | D:3      | Reached XP level 7. HP: 44/50 MP: 0/0
  3320 | D:3      | Learned a level 2 spell: Poisonous Vapours
  3557 | D:3      | Killed Crazy Yiuf
  5113 | D:4      | Found Ylui's Antique Weapon Shoppe.
  5330 | D:4      | Identified the +6 dagger "Zeinnoesk" {freeze, rElec Stlth+}
  5370 | D:5      | Entered Level 5 of the Dungeon
  5547 | D:4      | Reached XP level 8. HP: 47/56 MP: 0/0
  5644 | D:4      | Found a hazy altar of Hepliaklqana.
  6108 | D:5      | Reached skill level 4 in Fighting
  6258 | D:5      | Found a staircase to the Ecumenical Temple.
  6289 | D:5      | Reached skill level 5 in Fighting
  6536 | D:5      | Reached skill level 6 in Fighting
  6815 | D:5      | Reached XP level 9. HP: 59/67 MP: 0/0
  6815 | D:5      | Learned a level 4 spell: Dispel Undead
  6974 | D:5      | Noticed Ijyb
  6978 | D:5      | Paralysed by Ijyb for 5 turns
  6983 | D:5      | Killed Ijyb
  7026 | D:5      | Found an opulent altar of Gozag.
  7105 | D:6      | Reached skill level 7 in Fighting
  7233 | D:6      | Found a sacrificial altar of Ru.
  7514 | D:6      | Reached skill level 8 in Fighting
  8173 | D:7      | Found an ornate altar of the Wu Jian Council.
  8318 | D:7      | Reached skill level 9 in Fighting
  8727 | D:7      | Noticed a hornet
  8742 | D:7      | Killed a hornet
  9160 | D:7      | Reached skill level 10 in Fighting
  9162 | D:7      | Reached skill level 1 in Armour
  9452 | D:8      | Reached skill level 1 in Evocations
  9452 | D:8      | Reached XP level 10. HP: 56/80 MP: 0/0
  9484 | D:7      | HP: 2/80 [yak (13)]
  9487 | D:7      | Slain by a yak

Illustrated notes

Levels and vault maps discovered:
D:1:      amcnicky_arrival_gap_in_the_tavern_cellar, layout_basic, serial_shops,
          shop
D:2:      layout_loops_ring, shapermc_ecumenical_altar_acropolis,
          chequers_serial_rivers_small_a, uniq_sigmund
D:3:      layout_rooms, kennysheep_generic_room_11, uniq_crazy_yiuf_cottage
D:4:      layout_basic, mainiacjoe_overflow_brackets, serial_shops,
          nicolae_shop_overgrown_old_shop, roderic_batcave
D:5:      layout_cave_pools, nicolae_gozag_cash_rules_everything_around_me,
          temple_green, uniq_ijyb
D:6:      layout_basic, kiku_gazebo_pond_becter, mainiacjoe_overflow_catwalk
D:7:      layout_basic, nicolae_overflow_crystal_walls, serial_aquarium,
          aquarium_bridge_square [aquarium_subvault_bridge,
          aquarium_subvault_wall, aquarium_subvault_bridge,
          aquarium_subvault_window], aquarium_bridge_square
          [aquarium_subvault_bridge, aquarium_subvault_bridge,
          aquarium_subvault_window, aquarium_subvault_wall], aquarium_window_1,
          aquarium_window_2, aquarium_window_fake, aquarium_view_4,
          aquarium_view_2d, hangedman_decor_diamond_cutter, wad_rectangle_vault
D:8:      layout_loops_ring, kennysheep_mini_moat, serial_shops,
          nicolae_shop_hallway_plus, gammafunk_ghost_berserking_beasts,
          uniq_maggie

Skill      XL: |  1  2  3  4  5  6  7  8  9 10 |
---------------+-------------------------------+-----
Spellcasting   | 3 5 6 7 |  7.0
Fighting       | 6 10 | 10.0
Armour         | 2 |  2.8
Evocations     | 1 2 |  2.0
Long Blades    | |  2.6

Action                   |  1- 3 |  4- 6 |  7- 9 | 10-12 || total
-------------------------+-------+-------+-------+-------++-------
Melee: Falchion          |    10 |       |       |       ||    10
       Dagger            |     6 |    11 |       |       ||    17
       Spear             |       |       |    12 |       ||    12
       Quarterstaff      |       |       |    25 |     5 ||    30
 Cast: Scorch            |    13 |    53 |   138 |     3 ||   207
       Corpse Rot        |       |       |     2 |       ||     2
       Poisonous Vapours |       |       |     8 |       ||     8
Invok: Fiery Armour      |     1 |       |     2 |     1 ||     4
       Foxfire Swarm     |       |       |     1 |       ||     1
  Use: Potion            |       |       |     7 |     3 ||    10
Armor: Robe              |     5 |     6 |    48 |    11 ||    70
Dodge: Dodged            |    15 |    15 |    86 |    13 ||   129

Table legend: (Time is in decaauts)
 A = Elapsed time spent in this place.
 B = Non-inter-level travel time spent in this place.
 C = Inter-level travel time spent in this place.
 D = Time resting spent in this place.
 E = Time spent auto-exploring this place.
 F = Levels seen in this place.
 G = Mean time per level.
                   A        B        C        D        E       F      G
               +--------+--------+--------+--------+--------+-----+--------+
         Total |   9500 |   9371 |    129 |   1572 |   6910 |   8 | 1187.5 |
       Dungeon |   9500 |   9371 |    129 |   1572 |   6910 |   8 | 1187.5 |
               +--------+--------+--------+--------+--------+-----+--------+

Top non-repeatable levels by time:
     D:3: 2342 daAuts
     D:7: 1372 daAuts
     D:2: 1355 daAuts
     D:1: 1190 daAuts
     D:5: 1175 daAuts
     D:4: 1042 daAuts
     D:6: 966 daAuts
     D:8: 53 daAuts
